 Dungeon Crawl Stone Soup version 0.19-a0-503-g45a6586 (webtiles) character file.

832 tyrsky the Caller (level 7, -8/46 HPs)
             Began as a Demonspawn Summoner on June 5, 2016.
             Mangled by an orc warrior
             ... wielding a +0 hand axe
              (16 damage)
             ... on level 5 of the Dungeon.
             The game lasted 00:17:43 (6107 turns).

tyrsky the Caller (Demonspawn Summoner)             Turns: 6107, Time: 00:17:43

Health: -8/46      AC: 11    Str: 10      XL:     7   Next: 65%
Magic:  1/13       EV: 14    Int: 16      God:
Gold:   432        SH:  0    Dex: 13 (14) Spells: 2 memorised, 10 levels left

rFire  . . .     SeeInvis .       - Unarmed
rCold  . . .     Gourm    .     a - +0 robe
rNeg   . . .     Faith    .     (no shield)
rPois  .         Spirit   .     (helmet restricted)
rElec  .         Dismiss  .     v - +2 cloak
rCorr  .         Reflect  .     (no gloves)
SustAt .         Harm     .     (no boots)
MR     .....                    (no amulet)
Stlth  ++........               (no ring)
                                (no ring)

@: not resistant to hostile enchantments, unstealthy
A: horns 1, iridescent scales 2, demonic guardian 1, powered by pain 1
a: no special abilities


You were on level 5 of the Dungeon.
You were hungry.

You visited 1 branch of the dungeon, and saw 6 of its levels.
You also visited: Sewer.

You collected 432 gold pieces.

Inventory:

Armour
 a - a +0 robe (worn)
 v - a +2 cloak (worn)
Jewellery
 m - an uncursed ring of sustain attributes {unknown}
Wands
 e - a wand of polymorph (10/24)
Scrolls
 g - a scroll of enchant weapon
 l - a scroll of teleportation
 q - a scroll of blinking {unknown}
 s - a scroll of amnesia
 u - a scroll of fog
 w - a scroll of noise {unknown}
 x - 2 scrolls of identify {@*1}
 y - a scroll of enchant armour {unknown}
 A - a scroll of recharging
 B - a scroll of remove curse
Potions
 f - 2 potions of degeneration
 h - a potion of flight {unknown}
 i - 2 potions of curing {unknown}
 j - a potion of brilliance {unknown}
 n - 3 potions of mutation {unknown}
 o - 2 potions of might {unknown}
 p - a potion of ambrosia {unknown}
 r - a potion of lignification {unknown}
 t - a potion of agility {unknown}
 z - 2 potions of berserk rage {unknown}
 C - a potion of resistance {unknown}
Books
 b - a book of Callings

   Spells                             Type                      Level
   a - Summon Small Mammal            Summoning                    1
   b - Call Imp                       Summoning                    2
   c - Call Canine Familiar           Summoning                    3
   d - Summon Guardian Golem          Hexes/Summoning              3
   e - Summon Lightning Spire         Summoning/Air                4
   f - Summon Ice Beast               Ice/Summoning                4
Comestibles
 c - 7 bread rations


   Skills:
 + Level 4.2 Dodging
 - Level 1.7 Stealth
 + Level 3.6 Unarmed Combat
 + Level 4.1 Spellcasting
 + Level 6.1 Summonings


You had 10 spell levels left.
You knew the following spells:

 Your Spells              Type           Power        Failure   Level  Hunger
a - Summon Small Mammal   Summ           ###.         1%          1    None
b - Call Canine Familiar  Summ           ###.....     4%          3    ###....


Dungeon Overview and Level Annotations

Branches:
Dungeon (6/15)
 Temple: D:4-7

Altars:
Dithmenos
Gozag
Kikubaaqudgha
Makhleb
Nemelex Xobeh
Pakellas
Trog
The Shining One

Shops:
D:4 :


Innate Abilities, Weirdness & Mutations

You have a pair of small horns on your head.
You are mostly covered in iridescent scales. (AC +6)
A weak demonic guardian rushes to your aid.
You sometimes gain a little power by taking damage.


Message History

The orc warrior hits you but does no damage.
The orc warrior hits your quokka with a hand axe!
Your quokka dies!
Your quokka's corpse disappears in a puff of smoke!
Casting: Summon Small Mammal
Confirm with . or Enter, or press ? or * to list all spells.
Something hits your quokka but does no damage.
The orc warrior hits you with a hand axe!
* * * LOW HITPOINT WARNING * * *
The orc warrior misses your quokka.
The orc warrior barely misses your white imp.
Your bat hits something.
Something hits your quokka but does no damage.
Your quokka is poisoned.
Your white imp barely misses the orc warrior.
Casting: Summon Small Mammal
Confirm with . or Enter, or press ? or * to list all spells.
Your bat closely misses something.
The orc warrior hits you with a hand axe!
You die...

#.....>..........#.......##.###
##..###..........#..###......# #
#.†.# #.........#..####.#.#### #
#.#.#########.....####..#....###
#.....oo>o......####............
####..####h###.#####...########.
##.# #..###.#......## #.
#############r5).#..### #.
##.≈≈§≈≈≈≈≈≈..5o6#..(# #.
#..≈≈≈≈.≈≈≈≈....r....## ##.
...≈≈§≈≈≈≈≈≈.#b.{.....# ##..
##############........# #..#
.##..#.### #.........########.##
.##.##...# #...............##.##
.{.......# #.........#####[<....
...##....# #.........# ####..>..
######...# #.........# #⌠⌠#.....


You could see an orc warrior, a friendly iron imp, a friendly white imp, 2
friendly quokkas and a friendly bat.

Vanquished Creatures
  A scorpion (D:4)
  A hound (D:4)
  2 iguanas (D:5)
  A gnoll (D:1)
  4 adders
  A shadow imp (D:5)
  An adder skeleton (D:4)
  A worm (D:4)
  4 orcs (D:4)
  3 giant cockroaches
  4 goblins
  2 hobgoblins (D:2)
  2 jackals (D:3)
  A ball python (D:2)
  5 bats
  5 giant newts
  3 kobolds (D:3)
  2 rats
43 creatures vanquished.

Vanquished Creatures (collateral kills)
  Menkaure (D:5)
  Duvessa (D:4)
  Purgy (Sewer)
  An ogre (D:4)
  2 centaurs (D:5)
  A crocodile (D:4)
  A scorpion (D:5)
  Dowan (D:4)
  A giant frog zombie (D:5)
  A quasit (D:5)
  Crazy Yiuf (D:3)
  6 orc wizards
  3 worker ants
  Terence (D:2)
  A gnoll (D:1)
  7 adders
  An ooze (D:4)
  An adder skeleton (D:5)
  A worm (D:2)
  A dart slug (D:1)
  5 giant geckos
  8 orcs
  A ball python (D:2)
  7 bats
  3 giant cockroaches
  4 goblins (D:1)
  3 hobgoblins (D:1)
  2 kobolds
  A quokka (D:4)
  2 giant newts
  5 rats
75 creatures vanquished.

Vanquished Creatures (others)
  2 adders (D:5)
2 creatures vanquished.

Grand Total: 120 creatures vanquished

Notes
Turn   | Place    | Note
--------------------------------------------------------------
     0 | D:1      | tyrsky the Demonspawn Summoner began the quest for the Orb.
     0 | D:1      | Reached XP level 1. HP: 13/13 MP: 3/3
    72 | D:1      | Gained mutation: A weak demonic guardian rushes to your aid. [demonic ancestry]
    72 | D:1      | Reached XP level 2. HP: 4/19 MP: 0/5
   663 | D:2      | Noticed Terence
   674 | D:2      | Killed Terence
   674 | D:2      | Gained mutation: You have a pair of small horns on your head. [demonic ancestry]
   674 | D:2      | Reached XP level 3. HP: 16/24 MP: 1/6
   681 | D:2      | Learned a level 3 spell: Call Canine Familiar
  1227 | D:2      | Reached skill level 1 in Unarmed Combat
  1658 | D:2      | Found an oddly glowing altar of Pakellas.
  1692 | D:2      | Gained mutation: You are partially covered in iridescent scales. (AC +4) [demonic ancestry]
  1692 | D:2      | Reached XP level 4. HP: 30/30 MP: 4/8
  2388 | D:3      | Noticed Crazy Yiuf
  2409 | D:3      | Killed Crazy Yiuf
  2855 | D:3      | Gained mutation: You are mostly covered in iridescent scales. (AC +6) [demonic ancestry]
  2855 | D:3      | Reached XP level 5. HP: 35/35 MP: 1/9
  3003 | D:4      | Got a heavily runed leather armour
  3014 | D:4      | Identified the cursed +0 leather armour "Exkaa" {-Cast rF+++ Int+8 Dex-2} (You found it on level 4 of the Dungeon)
  3175 | D:4      | Found Ybiej's Book Shoppe.
  3209 | D:4      | Noticed a crocodile
  3212 | D:4      | Noticed Dowan
  3217 | D:4      | Noticed Duvessa
  3237 | D:4      | Killed a crocodile
  3237 | D:4      | Reached skill level 5 in Summonings
  3293 | D:4      | Killed Dowan
  3314 | D:4      | Killed Duvessa
  3314 | D:4      | Reached XP level 6. HP: 9/41 MP: 1/10
  4183 | D:5      | Entered Level 5 of the Dungeon
  4435 | D:5      | Noticed Menkaure
  4444 | D:5      | Gained mutation: You sometimes gain a little power by taking damage. [demonic ancestry]
  4444 | D:5      | Reached XP level 7. HP: 40/46 MP: 6/12
  4718 | D:5      | Found a glowing drain.
  4727 | Sewer    | Entered a sewer
  4775 | Sewer    | Noticed Purgy
  4809 | Sewer    | Killed Purgy
  5037 | D:5      | Found a sparkling altar of Nemelex Xobeh.
  5059 | D:5      | Found a glowing golden altar of the Shining One.
  5347 | D:5      | Found an opulent altar of Gozag.
  5347 | D:5      | Found a burning altar of Makhleb.
  5499 | D:5      | Killed Menkaure
  5499 | D:5      | Reached skill level 6 in Summonings
  5524 | D:5      | Found a shadowy altar of Dithmenos.
  5529 | D:5      | Found an ancient bone altar of Kikubaaqudgha.
  5571 | D:5      | Found a bloodstained altar of Trog.
  6107 | D:5      | Mangled by an orc warrior

Vault maps used:
D:1:      dpeg_arrival_refuge
D:2:      first_bread, grunt_pakellas_basics, uniq_terence
D:3:      uniq_crazy_yiuf_cottage
D:4:      serial_shops, nicolae_shop_waterfront, minivault_14, uniq_duvessa
D:5:      lemuel_crystal_altar, grunt_temple_overflow_open,
          gammafunk_temple_overflow_wave, portal_sewer_entry_f,
          nemelex_diamond_rough_becter, uniq_menkaure
D:6:      kennysheep_little_box, tgw_sif
Sewer:    sewer_big_baddie

Skill      XL: |  1  2  3  4  5  6  7 |
---------------+----------------------+-----
Dodging        | 2 3 4 |  4.2
Unarmed Combat | 1 2 3 |  3.6
Spellcasting   | 3 4 |  4.1
Summonings     | 5 6 |  6.1
Stealth        | |  1.7

Action                   |  1- 3 |  4- 6 |  7- 9 || total
-------------------------+-------+-------+-------++-------
Melee: Unarmed           |    73 |   146 |    30 ||   249
       Headbutt          |     6 |    21 |     8 ||    35
       Punch             |     1 |     1 |       ||     2
 Cast: Summon Small Mamm |    35 |    67 |   112 ||   214
       Call Canine Famil |    10 |    23 |    16 ||    49
  Use: Scroll            |       |    10 |     1 ||    11
       Potion            |       |     1 |     1 ||     2
 Stab: Distracted        |     1 |       |       ||     1
       Sleeping          |     3 |     2 |       ||     5
  Eat: Meat ration       |     1 |       |       ||     1
       Chunk             |       |     9 |     2 ||    11
       Fruit             |       |       |     3 ||     3
       Beef jerky        |       |       |     2 ||     2
Armor: Robe              |    19 |    62 |    50 ||   131
Dodge: Dodged            |    64 |   139 |    86 ||   289
